 Dungeon Crawl Stone Soup version 0.18-a0-1435-gee79d65 (webtiles) character file.

83 Ratboiler the Charlatan (level 4, 0/32 HPs)
             Began as a Demonspawn Artificer on Feb 28, 2016.
             Succumbed to a scorpion's poison
             ... on level 6 of the Dungeon.
             The game lasted 00:05:30 (2325 turns).

Ratboiler the Charlatan (Demonspawn Artificer)      Turns: 2325, Time: 00:05:30

Health: 0/32       AC:  5    Str:  9 (11) XL:     4   Next: 22%
Magic:  7/7        EV: 10    Int: 11 (14) God:
Gold:   105        SH:  0    Dex: 11 (14) Spells: 0 memorised, 3 levels left

rFire  . . .     SeeInvis .     a - +0 spear
rCold  . . .     Gourm    .     k - +0 ring mail
rNeg   . . .     Faith    .     (no shield)
rPois  .         Spirit   .     (helmet restricted)
rElec  .         Dismiss  .     (no cloak)
rCorr  .         Reflect  .     (no gloves)
SustAt .         Harm     .     (no boots)
MR     +....                    (no amulet)
Stlth  +.........               (no ring)
                                r - ring of protection from magic

@: lethally poisoned (0 -> -21), somewhat resistant to hostile enchantments,
very unstealthy
A: horns 1, powered by pain 2
a: no special abilities


You were on level 6 of the Dungeon.
You were not hungry.

You visited 1 branch of the dungeon, and saw 5 of its levels.

You collected 105 gold pieces.

Inventory:

Hand Weapons
 a - a +0 spear (weapon)
 g - a +0 short sword
Missiles
 l - 94 stones (quivered)
 o - 12 poisoned needles
Armour
 b - a +0 leather armour
 k - a +0 ring mail (worn)
Jewellery
 r - a ring of protection from magic (left hand)
Wands
 c - a wand of flame (11/48)
 d - a wand of enslavement (19/24)
 e - a wand of random effects (13/48)
Scrolls
 h - 2 scrolls of remove curse
 j - a scroll of recharging
Potions
 n - a potion of beneficial mutation {unknown}
 t - a potion of magic {unknown}
Comestibles
 f - 3 bread rations
 i - a royal jelly
 p - 4 meat rations


   Skills:
 - Level 1.0 Fighting
 - Level 0.8 Short Blades
 - Level 1.7 Dodging
 - Level 0.8 Stealth
 + Level 5.1 Evocations


You had 3 spell levels left.
You didn't know any spells.

Dungeon Overview and Level Annotations

Branches:
Dungeon (6/15)
 Temple: D:4-7

Altars:

Annotations:
D:6 Ratboiler's ghost, novice DsAr


Innate Abilities, Weirdness & Mutations

You have a pair of small horns on your head.
You sometimes gain power by taking damage.


Message History

Press: ? - help, Shift-Dir - straight line, f/p - scorpion
Aim: a scorpion (heavily wounded, chance to defeat MR: 56%)
The scorpion resists with significant effort.
This wand has 20 charges left.
* * * LOW HITPOINT WARNING * * *
You feel sick. The scorpion barely misses you.
Evoke which item? (* to show all) (? for menu, Esc to quit)
Zapping:
d - a wand of enslavement (20/24)
Press: ? - help, Shift-Dir - straight line, f/p - scorpion
Aim: a scorpion (heavily wounded, chance to defeat MR: 56%)
The scorpion is charmed.
This wand has 19 charges left.
* * * LOW HITPOINT WARNING * * *
You feel sick.
Drink which item? (? for menu, Esc to quit)
It was a potion of degeneration.
There was something very wrong with that liquid.
You feel weakened.
You feel dopey.
You feel clumsy.
You die...

......+ .......
..##...#..## ......#
##.. .......#..##
......# ...###
..........## #..#..
..........##
#....###..........##
#.. ......#.......##.##
#... #...#.##.........#
#....#...#.##.......###
#.....s@.#.###..##..#
#....##..#.# #......#
#.. #....# #..###.# #
##.##.###..###.##
#...............#
#..............##
###..##.###...####
#....##.###...#
###.###.##....#


You could see a friendly scorpion.

Vanquished Creatures
  A hound (D:6)
  2 oozes (D:2)
  An adder zombie (D:6)
  A dart slug (D:2)
  A giant gecko (D:1)
  An orc (D:6)
  A ball python (D:1)
  2 giant cockroaches
  4 goblins
  4 hobgoblins
  4 jackals (D:2)
  3 bats (D:2)
  2 giant newts
  3 kobolds
  7 rats
37 creatures vanquished.

Vanquished Creatures (collateral kills)
  A kobold (D:1)
1 creature vanquished.

Vanquished Creatures (others)
  A giant frog zombie (D:6)
  A jelly (D:5)
2 creatures vanquished.

Grand Total: 40 creatures vanquished

Notes
Turn   | Place    | Note
--------------------------------------------------------------
     0 | D:1      | Ratboiler the Demonspawn Artificer began the quest for the Orb.
     0 | D:1      | Reached XP level 1. HP: 15/15 MP: 3/3
   313 | D:1      | Gained mutation: You sometimes gain a little power by taking damage. [demonic ancestry]
   313 | D:1      | Reached XP level 2. HP: 19/21 MP: 4/4
   970 | D:2      | Reached skill level 4 in Evocations
  1130 | D:2      | Gained mutation: You have a pair of small horns on your head. [demonic ancestry]
  1130 | D:2      | Reached XP level 3. HP: 18/26 MP: 6/6
  1827 | D:3      | You fall through a shaft for 3 floors!
  1905 | D:6      | Noticed Ratboiler's ghost (novice DsAr)
  2055 | D:5      | Entered Level 5 of the Dungeon
  2055 | D:5      | Noticed a centaur
  2081 | D:6      | Reached skill level 5 in Evocations
  2081 | D:6      | Gained mutation: You sometimes gain power by taking damage. [demonic ancestry]
  2081 | D:6      | Reached XP level 4. HP: 9/32 MP: 7/7
  2325 | D:6      | Succumbed to a scorpion's poison

Vault maps used:
D:1:      lemuel_arrival_room, hangedman_decor_points,
          minmay_misc_feat_more_columns
D:3:      minitemple
D:5:      lemuel_insect_pit, first_bread, grunt_pakellas_sulfur
D:6:      minmay_goblin_kobold_castle, nicolae_benzene_ring

Skill      XL: |  1  2  3 |
---------------+----------+-----
Evocations     | 4 5 |  5.1
Fighting       | |  1.0
Short Blades   | |  0.8
Dodging        | |  1.7
Stealth        | |  0.8

Action                   |  1- 3 |  4- 6 || total
-------------------------+-------+-------++-------
Melee: Spear             |   173 |     7 ||   180
Throw: Stone             |     1 |       ||     1
Evoke: Wand              |     7 |     5 ||    12
  Use: Scroll            |     3 |       ||     3
       Potion            |       |     1 ||     1
  Eat: Beef jerky        |     1 |       ||     1
       Chunk             |     2 |       ||     2
       Pizza             |       |     1 ||     1
